 Dungeon Crawl Stone Soup version 0.31-a0-233-g139696dc86 (webtiles) character file.

Game seed: 13118151452939086818

39 qw the Shooter (level 3, -4/21 HPs)
             Began as a Gargoyle Hexslinger on July 9, 2023.
             Killed from afar by Grinder (10 damage)
             ... with a puff of flame
             ... on level 3 of the Dungeon.
             The game lasted 00:00:30 (1365 turns).

qw the Shooter (Gargoyle Hexslinger)                Turns: 1365, Time: 00:00:31

Health: -4/21      AC:  8    Str: 11    XL:     3   Next: 47%
Magic:  4/4        EV: 10    Int: 13    God:
Gold:   127        SH:  5    Dex: 14    Spells: 3/4 levels left

rFire   . . .        Y - +1 sling
rCold   . . .        (no shield)
rNeg    + . .        a - +0 ring mail
rPois   inf          (no helmet)
rElec   +            (no cloak)
rCorr   .            (no gloves)
SInv    .            (no boots)
Will    .....        c - amulet of reflection
Stlth   +            (no ring)
HPRegen 0.23/turn    (no ring)
MPRegen 0.09/turn

%: reflection
@: no status effects
A: sickness immunity, AC +3, negative energy resistance 1, electricity
resistance, torment resistance 1, petrification resistance
a: no special abilities


You were on level 3 of the Dungeon.
You visited 1 branch of the dungeon, and saw 3 of its levels.

You collected 127 gold pieces.


Innate Abilities, Weirdness & Mutations

You are immune to sickness and miasma.
Your stone body is resilient. (AC +3)
You are immune to poison.
You resist negative energy. (rN+)
You are resistant to electric shocks. (rElec)
You are resistant to unholy torment.
You are immune to petrification.


   Skills:
 - Level 2.0 Fighting
 + Level 3.4 Ranged Weapons
 - Level 1.5 Dodging
 - Level 1.0 Spellcasting
 - Level 2.6 Hexes


You had 3 spell levels left.
You knew the following spells:

 Your Spells              Type           Power      Damage    Failure   Level
a - Slow                  Hex            28%        N/A       22%         1

Your spell library contained the following spells:

 Spells                   Type           Power      Damage    Failure   Level
 Inner Flame              Hex/Fire       4%         N/A       75%         3
 Portal Projectile        Hex/Tloc       8%         N/A       75%         3
 Cause Fear               Hex            3%         N/A       92%         4

Inventory:

Hand Weapons
 Y - a +1 sling (weapon)
Armour
 a - a +0 ring mail (worn)
Jewellery
 c - an amulet of reflection (around neck)
Potions
 b - a potion of heal wounds {unknown}
 d - a potion of resistance {unknown}
 e - a potion of curing {unknown}

Dungeon Overview and Level Annotations

Branches:
Dungeon (3/15)

Altars:

Annotations:
D:3 Grinder


Message History

You shoot a sling bullet.
You suddenly lose the ability to move!
Pain shoots through your body!
You hear a zap.
A puff of flame appears from out of thin air!
The puff of flame hits you!
You can move again.
1313 ||| STAIRDANCE You climb upwards.
Reactivating autopickup.
There is a stone staircase leading down here.
You start resting.
HP restored.
Done exploring.
(D) Dungeon
Where to? (* - list waypoints, Enter - D:3, ? - help)
What level of the Dungeon? (default 1, ? - help)
You climb downwards.
Level annotation: Grinder Grinder blinks!
There is a stone staircase leading up here.
Grinder is nearby!
You shoot a sling bullet. The sling bullet barely misses Grinder.
You shoot a sling bullet. The sling bullet hits Grinder.
Grinder is lightly wounded.
Grinder barely misses you.
You shoot a sling bullet.
The sling bullet closely misses Grinder.
Grinder blinks!
You shoot a sling bullet. The sling bullet barely misses Grinder.
You shoot a sling bullet. The sling bullet barely misses Grinder.
You shoot a sling bullet. The sling bullet barely misses Grinder.
Grinder blinks!
You shoot a sling bullet.
The sling bullet closely misses Grinder.
Grinder zaps a wand.
The puff of flame hits you!
Grinder zaps a wand.
The puff of flame hits you!
1365 ||| STAIRDANCE Grinder zaps a wand.
The puff of flame hits you!
You die...

# ####
.##...#
#.#...###
#........
#.5......
#.%..<..#
#@#
#.........
#.#.#.#####
#.#.#.# .
... . ..
#.. .# #.
#.. # #.
...#


You could see Grinder.

Vanquished Creatures
  3 dart slugs
  4 ball pythons
  2 endoplasms
  A goblin (D:1)
  2 hobgoblins
  5 jackals
  5 quokkas (D:1)
  4 bats (D:1)
  2 frilled lizards
  3 rats (D:1)
31 creatures vanquished.

Notes
Turn   | Place    | Note
-------+----------+-------------------------------------------
     0 | D:1      | qw the Gargoyle Hexslinger began the quest for the Orb.
     0 | D:1      | Reached XP level 1. HP: 12/12 MP: 2/2
     0 | D:1      | 0 ||| qw: Version: 0.3-a-51-g015441d
     0 | D:1      | 0 ||| qw: Game counter: 3782
     0 | D:1      | 0 ||| qw: Melee chars always use a shield: true
     0 | D:1      | 0 ||| qw: God list: Okawaru
     0 | D:1      | 0 ||| qw: Allow faded altars: false
     0 | D:1      | 0 ||| qw: Do Orc after clearing Dungeon:15 true
     0 | D:1      | 0 ||| qw: Do second Lair branch before Depths: true
     0 | D:1      | 0 ||| qw: Lair rune preference: random
     0 | D:1      | 0 ||| qw: Goals: Normal
     0 | D:1      | 0 ||| PLANNING D:1-11
   163 | D:1      | Reached XP level 2. HP: 16/16 MP: 3/3
   292 | D:1      | Reached skill level 3 in Ranged Weapons
   605 | D:1      | Reached XP level 3. HP: 21/21 MP: 4/4
   829 | D:1      | 829 ||| UPGRADING to +0 leather armour.
   839 | D:1      | 839 ||| DROPPING +0 robe.
   840 | D:1      | 840 ||| READING 2 scrolls labelled ERRIAST ZEME.
   841 | D:1      | 841 ||| READING scroll labelled KAUTURHOMOGH.
   842 | D:1      | 842 ||| READING scroll labelled OGOYSH JUWK.
   843 | D:1      | 843 ||| DRINKING 2 golden potions.
   947 | D:1      | 947 ||| DROPPING scroll of vulnerability.
   948 | D:1      | 948 ||| DROPPING scroll of poison.
   949 | D:1      | 949 ||| DROPPING potion of berserk rage.
  1270 | D:2      | 1270 ||| UPGRADING to +0 ring mail.
  1280 | D:2      | 1280 ||| DROPPING +0 leather armour.
  1281 | D:2      | 1281 ||| UPGRADING to amulet of reflection.
  1304 | D:3      | Noticed Grinder
  1308 | D:3      | Paralysed by something for 5 turns
  1313 | D:3      | 1313 ||| STAIRDANCE
  1364 | D:3      | HP: 5/21 [Grinder/puff of flame (8)]
  1365 | D:3      | 1365 ||| STAIRDANCE
  1365 | D:3      | Killed from afar by Grinder

Levels and vault maps discovered:
D:1:      minmay_arrival_four_circles, layout_basic
D:2:      layout_rooms
D:3:      layout_loops_cross, grunt_dithmenos_smoke, makhleb_altar_promises_db,
          minmay_splitting_lines, feat_on_display, uniq_pargi, uniq_natasha,
          uniq_grinder, uniq_terence

Skill      XL: |  1  2 |
---------------+-------+-----
Ranged Weapons | 3 |  3.4
Fighting       | 2 |  2.0
Dodging        | |  1.5
Spellcasting   | |  1.0
Hexes          | |  2.6

Action                     || total
---------------------------++-------
   Fire: Sling             ||   107
    Use: Scroll            ||     3
         Potion            ||     1
 Armour: Robe              ||    11
         Leather armour    ||     8
  Dodge: Dodged            ||    41

Table legend:
 A = Non-vault XP
 B = Vault XP
 C = Vault XP percentage of total XP
 D = Non-vault monster count
 E = Vault monster count
 F = Vault count percentage of total count
                 A         B        C        D         E       F
            +---------+---------+-------+---------+---------+-------
      Total |      57 |       0 |   0.0 |      31 |       0 |   0.0
            +---------+---------+-------+---------+---------+-------
        D:1 |      36 |       0 |   0.0 |      20 |       0 |   0.0
        D:2 |      20 |       0 |   0.0 |      10 |       0 |   0.0
        D:3 |       1 |       0 |   0.0 |       1 |       0 |   0.0
            +---------+---------+-------+---------+---------+-------
